 Dungeon Crawl Stone Soup version 0.31-a0-819-gf6de2f5ab6 (webtiles) character file.

Game seed: 12144096204522754530

336 qw the Shooter (level 6, 0/38 HPs)
             Began as a Gargoyle Hunter on Sept 23, 2023.
             Slain by Dowan
             ... wielding a +0 dagger
              (2 damage)
             ... on level 5 of the Dungeon.
             The game lasted 00:00:54 (3110 turns).

qw the Shooter (Gargoyle Hunter)                    Turns: 3110, Time: 00:00:54

Health: 0/38       AC: 10    Str: 15    XL:     6   Next: 54%
Magic:  6/6        EV: 11    Int:  9    God:
Gold:   88         SH:  0    Dex: 15    Spells: 5/5 levels left

rFire   . . .        Y - +0 shortbow
rCold   . . .        (shield currently unavailable)
rNeg    + . .        d - +0 ring mail
rPois   inf          (no helmet)
rElec   +            i - scarf {repulsion}
rCorr   .            g - +0 pair of gloves
SInv    .            (no boots)
Will    .....        (no amulet)
Stlth   +            (no ring)
HPRegen 0.26/turn    (no ring)
MPRegen 0.10/turn

%: repel missiles
@: no status effects
A: sickness immunity, AC +4, negative energy resistance 1, electricity
resistance, torment resistance 1, petrification resistance
a: no special abilities


You were on level 5 of the Dungeon.
You visited 1 branch of the dungeon, and saw 5 of its levels.

You collected 298 gold pieces.
You spent 210 gold pieces at shops.


Innate Abilities, Weirdness & Mutations

You are immune to sickness and miasma.
Your stone body is resilient. (AC +4)
You are immune to poison.
You resist negative energy. (rN+)
You are resistant to electric shocks. (rElec)
You are resistant to unholy torment.
You are immune to petrification.


   Skills:
 - Level 4.2 Fighting
 + Level 6.7 Ranged Weapons
 - Level 1.0 Armour
 - Level 1.5 Dodging
 - Level 1.1 Stealth


You had 5 spell levels left.
You didn't know any spells.
Your spell library was empty.

Inventory:

Hand Weapons
 Y - a +0 shortbow (weapon)
Armour
 a - a +0 cloak
 d - a +0 ring mail (worn)
 g - a +0 pair of gloves (worn)
 i - a scarf of repulsion (worn)
Potions
 b - a potion of brilliance {unknown}
 c - a potion of mutation {unknown}
 e - a potion of enlightenment
 f - a potion of resistance {unknown}
 h - a potion of degeneration {unknown}
 j - a potion of magic {unknown}
 k - a potion of curing {unknown}

Dungeon Overview and Level Annotations

Branches:
Dungeon (5/15)
 Temple: D:4-7

Altars:
Gozag
Hepliaklqana
Ru
Wu Jian

Shops:
D:4 [

Annotations:
D:5 Dowan


Message History

Duvessa hits you with a +0 short sword. Dowan hits you but does no damage.
You shoot an arrow.
The arrow hits Duvessa but does no damage.
Duvessa is lightly wounded.
Duvessa hits you with a +0 short sword! Dowan hits you but does no damage.
You shoot an arrow. The arrow hits Duvessa!
Duvessa is moderately wounded.
Duvessa hits you but does no damage. Dowan barely misses you.
You shoot an arrow. The arrow hits Duvessa.
Duvessa is moderately wounded.
Duvessa hits you with a +0 short sword. Dowan hits you with a +0 dagger.
You shoot an arrow. The arrow hits Duvessa!
Duvessa is severely wounded.
Duvessa barely misses you. Dowan closely misses you.
Dowan hits you with a +0 dagger. Duvessa barely misses you.
You shoot an arrow. The arrow hits Duvessa.
Duvessa is severely wounded.
Duvessa hits you with a +0 short sword. Dowan closely misses you.
You shoot an arrow. The arrow hits Duvessa!
Duvessa is almost dead.
Duvessa hits you but does no damage. Dowan hits you but does no damage.
You shoot an arrow. The arrow hits Duvessa.
You kill Duvessa!
Dowan's eyes darken. "You have made a grave mistake."
Dowan seems to find hidden reserves of power!
Dowan hits you with a +0 dagger. Dowan barely misses you.
You shoot an arrow. The arrow hits Dowan!
Dowan is moderately wounded.
Dowan hits you but does no damage. Dowan hits you with a +0 dagger.
You shoot an arrow. The arrow closely misses Dowan.
Dowan hits you but does no damage.
You shoot an arrow. The arrow hits Dowan.
Dowan is heavily wounded.
Dowan closely misses you. Dowan casts a spell at you.
The stone arrow misses you.
You shoot an arrow. The arrow hits Dowan.
Dowan is severely wounded.
Dowan hits you but does no damage. Dowan hits you with a +0 dagger.
You die...

########
##......##
#........##
.......e..#
.......@..#
.......)..#
......)...#
..........#
#........##
..........
..........
...........


You could see Dowan (fast).

Vanquished Creatures
  Duvessa (D:5)
  A bullfrog (D:4)
  A howler monkey (D:4)
  A hound (D:4)
  A gnoll (D:4)
  4 adders
  A dart slug (D:1)
  An orc (D:4)
  2 ball pythons
  9 endoplasms
  3 giant cockroaches
  7 goblins
  3 hobgoblins (D:2)
  2 quokkas
  2 bats
  4 frilled lizards
  4 kobolds
  6 rats
53 creatures vanquished.

Notes
Turn   | Place    | Note
-------+----------+-------------------------------------------
     0 | D:1      | qw the Gargoyle Hunter began the quest for the Orb.
     0 | D:1      | Reached XP level 1. HP: 12/12 MP: 1/1
     0 | D:1      | 0 ||| qw: Version: 0.3-a-83-gcd0e7d8
     0 | D:1      | 0 ||| qw: Game counter: 1550
     0 | D:1      | 0 ||| qw: Melee chars always use a shield: true
     0 | D:1      | 0 ||| qw: God list: Okawaru
     0 | D:1      | 0 ||| qw: Allow faded altars: false
     0 | D:1      | 0 ||| qw: Do Orc after clearing Dungeon:15 true
     0 | D:1      | 0 ||| qw: Do second Lair branch before Depths: true
     0 | D:1      | 0 ||| qw: Lair rune preference: random
     0 | D:1      | 0 ||| qw: Goals: Normal
     0 | D:1      | 0 ||| PLANNING D:1-11
   139 | D:1      | Reached XP level 2. HP: 6/17 MP: 2/2
   652 | D:1      | 652 ||| UPGRADING to +0 ring mail.
   662 | D:1      | 662 ||| DROPPING +0 leather armour.
   663 | D:1      | 663 ||| DROPPING scroll of butterflies.
   742 | D:2      | Reached XP level 3. HP: 21/21 MP: 3/3
   769 | D:2      | Reached skill level 1 in Armour
  1059 | D:2      | Found a sacrificial altar of Ru.
  1203 | D:2      | Reached skill level 5 in Ranged Weapons
  1455 | D:2      | 1455 ||| READING scroll labelled CIEPYCV TOACO.
  1456 | D:2      | 1456 ||| READING scroll labelled FEMIHOI FUDUTU.
  1457 | D:2      | 1457 ||| READING scroll labelled OBLUKE WEINASH.
  1458 | D:2      | 1458 ||| DRINKING 2 viscous ruby potions.
  1928 | D:3      | Reached XP level 4. HP: 27/27 MP: 4/4
  2236 | D:3      | 2236 ||| READING scroll labelled BUPAAP POTT.
  2237 | D:3      | 2237 ||| READING scroll labelled YVATHR SURAONA.
  2238 | D:3      | 2238 ||| READING scroll labelled NEL YKHUYSULAN.
  2281 | D:4      | Noticed a bullfrog
  2288 | D:4      | Killed a bullfrog
  2289 | D:4      | Reached XP level 5. HP: 20/33 MP: 5/5
  2378 | D:4      | Found Reowial's Armour Shop.
  2385 | D:4      | 2385 ||| BUYING +0 cloak (45 gold).
  2385 | D:4      | Bought a +0 cloak for 45 gold pieces
  2385 | D:4      | 2385 ||| BUYING +0 pair of gloves (45 gold).
  2385 | D:4      | Bought a +0 pair of gloves for 45 gold pieces
  2385 | D:4      | 2385 ||| BUYING scarf of repulsion (120 gold).
  2385 | D:4      | Bought a scarf of repulsion for 120 gold pieces
  2404 | D:4      | Found a hazy altar of Hepliaklqana.
  2540 | D:4      | Found an opulent altar of Gozag.
  2999 | D:4      | Found an ornate altar of the Wu Jian Council.
  3008 | D:4      | 3008 ||| UPGRADING to +0 cloak.
  3013 | D:4      | 3013 ||| UPGRADING to +0 pair of gloves.
  3018 | D:4      | 3018 ||| UPGRADING to scarf of repulsion.
  3028 | D:4      | 3028 ||| READING scroll labelled BUCSOA ANGUSM.
  3046 | D:5      | Entered Level 5 of the Dungeon
  3046 | D:5      | Noticed Duvessa
  3046 | D:5      | Noticed Dowan
  3049 | D:5      | 3049 ||| STAIRDANCE
  3068 | D:5      | 3068 ||| STAIRDANCE
  3079 | D:5      | 3079 ||| STAIRDANCE
  3087 | D:4      | Reached skill level 6 in Ranged Weapons
  3087 | D:4      | Reached XP level 6. HP: 35/38 MP: 6/6
  3102 | D:5      | HP: 5/38 [Dowan/+0 dagger (5)]
  3104 | D:5      | HP: 2/38 [Duvessa/+0 short sword (2)]
  3106 | D:5      | Killed Duvessa
  3110 | D:5      | Slain by Dowan

Levels and vault maps discovered:
D:1:      roderic_dead_forest, layout_basic, st_stairs_9
D:2:      layout_loops_corners, basic_altar, grunt_decor_one_mirror,
          skrybe_limestone_x
D:3:      layout_loops_corners
D:4:      layout_basic, nicolae_gozag_seed_capital,
          nicolae_wu_jian_immortal_techniques, mainiacjoe_overflow_boulevard,
          serial_shops, shop
D:5:      layout_rooms, cheibriados_altar_1, nicolae_overflow_hidden_temple,
          uniq_duvessa, uniq_eustachio

Skill      XL: |  1  2  3  4  5 |
---------------+----------------+-----
Armour         | 1 |  1.0
Ranged Weapons | 5 6 |  6.7
Fighting       | 4 |  4.2
Dodging        | |  1.5
Stealth        | |  1.1

Action                     |  1- 3 |  4- 6 || total
---------------------------+-------+-------++-------
   Fire: Shortbow          |   114 |    71 ||   185
    Use: Scroll            |     3 |     4 ||     7
         Potion            |     1 |       ||     1
 Armour: Leather armour    |     8 |       ||     8
         Ring mail         |     8 |    49 ||    57
  Dodge: Dodged            |    15 |    39 ||    54

Table legend:
 A = Non-vault XP
 B = Vault XP
 C = Vault XP percentage of total XP
 D = Non-vault monster count
 E = Vault monster count
 F = Vault count percentage of total count
                 A         B        C        D         E       F
            +---------+---------+-------+---------+---------+-------
      Total |     319 |     161 |  33.5 |      49 |       4 |   7.5
            +---------+---------+-------+---------+---------+-------
        D:1 |      22 |       8 |  26.7 |      14 |       3 |  17.6
        D:2 |      25 |       0 |   0.0 |      16 |       0 |   0.0
        D:3 |      27 |       0 |   0.0 |      10 |       0 |   0.0
        D:4 |     245 |       0 |   0.0 |       9 |       0 |   0.0
        D:5 |       0 |     153 | 100.0 |       0 |       1 | 100.0
            +---------+---------+-------+---------+---------+-------
